 Dungeon Crawl Stone Soup version 0.15.2 (webtiles) character file.

831106 bullock the Devastator (level 27, -2/193 HPs)
             Began as a Gargoyle Wizard on Nov 14, 2014.
             Was the Champion of Vehumet.
             Killed from afar by a Hell Sentinel (57 damage)
             ... with a blast of hellfire
             ... in Pandemonium on Nov 16, 2014.
             The game lasted 14:34:55 (117414 turns).

bullock the Devastator (Gargoyle Wizard)          Turns: 117414, Time: 14:34:55

HP  -2/193       AC 42     Str 16      XL: 27
MP  16/51        EV 23     Int 28      God: Vehumet [******]
Gold 10482       SH 18     Dex 10      Spells: 15 memorised,  6 levels left

rFire  + + .     SeeInvis +     w - +9 hand axe "Aghyos" {elec, rN+ MR++ Dex+2}
rCold  + . .     Clarity  .     L - +0 troll leather armour
rNeg   + + +     rCorr    .     Q - +5 shield {rC+ rF+}
rPois  +         rRot     +     C - +2 hat {MR+}
rElec  +         Spirit   .     g - +3 cloak of Flash {+Fly EV+4}
SustAb .         Warding  .     J - +2 pair of gloves {Str+3}
rMut   +         Stasis   .     D - +2 pair of boots {run}
Gourm  .                        B - cursed amulet of resist mutation
MR     +++++                    t - ring of Shaolin {EV+8}
                                K - ring "Shroim" {rF+ rN+ SInv}

@: flying, very slightly contaminated, regenerating, hasted, repel missiles,
very quick, almost entirely resistant to hostile enchantments, unstealthy
A: able to fly continuously, big wings, talons 1, icy blue scales 1, molten
scales 1, dopey 1, high mp 1, magic resistance 1, negative energy resistance 1,
sense surroundings 1, electricity resistance, slow healing 1, unbreathing,
petrification resistance, rot immunity, AC +20
a: Stop Flying, Renounce Religion
}: 5/15 runes: decaying, serpentine, slimy, silver, abyssal


You were in Pandemonium.
You worshipped Vehumet.
Vehumet was exalted by your worship.
You were not hungry.

You visited 13 branches of the dungeon, and saw 67 of its levels.
You visited Pandemonium 1 time, and saw 3 of its levels.
You visited the Abyss 1 time.
You visited 1 bazaar.
You also visited: Ice Cave and Wizlab.

You collected 12888 gold pieces.
You spent 2406 gold pieces at shops.

Inventory:

Hand weapons
 w - the +9 hand axe "Aghyos" (weapon) {elec, rN+ MR++ Dex+2}
   (You took it off a deep elf sorcerer on level 3 of the Elven Halls)

   Occasionally, upon striking a foe, it will discharge some electrical energy
   and cause terrible harm.
   It affects your dexterity (+2).
   It protects you from negative energy.
   It affects your resistance to hostile enchantments.
Armour
 g - the +3 cloak of Flash (worn) {+Fly EV+4}
   (You acquired it on level 2 of the Lair of Beasts)

   It affects your evasion (+4).
   It lets you fly.
 C - a +2 hat of magic resistance (worn)
 D - a +2 pair of boots of running (worn)
 J - a +2 pair of gloves of strength (worn)
 L - a +0 troll leather armour (worn)
 Q - a +5 shield of resistance (worn)
Magical devices
 a - a wand of digging (5)
 c - a wand of fireball (2)
 v - a wand of disintegration (13)
 y - a wand of random effects (14)
 H - a wand of invisibility (3)
Comestibles
 d - 26 bread rations
 i - a royal jelly
 n - a slice of pizza
 A - a rotting chunk of monstrous demonspawn flesh
 F - 54 fruits
Scrolls
 h - 4 scrolls of identify
 j - 14 scrolls of remove curse
 m - a scroll of brand weapon
 s - 7 scrolls of summoning
 u - 19 scrolls of teleportation
 N - 12 scrolls of blinking
 R - 4 scrolls of fear
 X - 13 scrolls of magic mapping
 Z - 3 scrolls of vulnerability
Jewellery
 o - an uncursed amulet of the gourmand
 q - the amulet of Divine Compulsion {Clar rElec}
   (You found it on level 6 of the Pits of Slime)

   [amulet of clarity]

   It provides mental clarity.
   It insulates you from electricity.
 t - the ring of Shaolin (right hand) {EV+8}
   (You found it in an ice cave)

   [ring of evasion]

   It affects your evasion (+8).
 B - a cursed amulet of resist mutation (around neck)
 I - an uncursed ring of ice
 K - the ring "Shroim" (left hand) {rF+ rN+ SInv}
   (You found it on level 2 of the Vaults)

   [ring of positive energy]

   It protects you from fire.
   It protects you from negative energy.
   It enhances your eyesight.
Potions
 b - 4 potions of cancellation
 f - a potion of might
 l - 7 potions of haste
 p - 13 potions of restore abilities
 x - 6 potions of heal wounds
 G - 30 potions of curing
 W - 4 potions of magic
Magical staves
 V - an uncursed staff of energy
Miscellaneous
 r - a fan of gales
 E - a lamp of fire
 U - a sack of spiders
 Y - a fan of gales


   Skills:
 + Level 25.4 Fighting
 - Level 10.4 Armour
 - Level 1.5 Dodging
 - Level 2.1 Stealth
 - Level 15.1 Shields
 + Level 24.7 Spellcasting
 + Level 26.3 Conjurations
 - Level 10.0 Charms
   Level 0.8 Summonings
 - Level 10.6 Necromancy
 - Level 7.3 Translocations
 + Level 23.9 Ice Magic
 - Level 11.0 Evocations


You had 6 spell levels left.
You knew the following spells:

 Your Spells              Type           Power        Failure   Level  Hunger
a - Orb of Destruction    Conj           ########..   1%          7    #......
b - Dispel Undead         Necr           #######.     1%          5    None
c - Regeneration          Chrm/Necr      #######...   1%          3    None
d - Haste                 Chrm           ######..     2%          6    None
e - Bolt of Draining      Conj/Necr      #######...   0%          5    None
f - Conjure Flame         Conj/Fire      #######.     0%          3    None
g - Glaciate              Conj/Ice       ########..   1%          9    ######.
q - Blink                 Tloc           N/A          1%          2    None
r - Force Lance           Conj           ########     0%          5    None
s - Control Teleport      Chrm/Tloc      ######....   1%          4    None
t - Mephitic Cloud        Conj/Pois/Air  ######..     1%          3    None
v - Repel Missiles        Chrm/Air       ######       1%          2    None
w - Simulacrum            Ice/Necr       #######...   1%          6    None
x - Vampiric Draining     Necr           #######...   1%          3    None
z - Freezing Cloud        Conj/Ice/Air   #######...   1%          6    None


Dungeon Overview and Level Annotations

Branches:
Dungeon (15/15)            Temple (1/1) D:5             Orc (4/4) D:12
    Elf (3/3) Orc:3          Lair (8/8) D:11          Swamp (5/5) Lair:6
  Snake (5/5) Lair:6        Slime (6/6) Lair:7       Vaults (5/5) D:13
  Crypt (3/3) Vaults:2       Tomb (2/3) Crypt:3      Depths (5/5) D:15
    Zot (5/5) Depths:5

Altars:
Cheibriados
Dithmenos
Elyvilon
Fedhas
Kikubaaqudgha
Makhleb
Okawaru
Qazlal
Sif Muna
Trog
Vehumet
Xom
Yredelemnul
Zin
The Shining One
Jiyva

Shops:
D:4 (   D:6 %   D:7 :   D:8 (   D:9 [   D:12 [(   D:13 !   D:14 [   Orc:4 %%([
Snake:2 !((   Vaults:1 (   Vaults:2 *

Portals:
Hell: Depths:1 Depths:2 Depths:3 Depths:4 Depths:5
Abyss: Depths:4
Pandemonium: Depths:1 Depths:3
Ziggurat: Depths:3
Trove: Vaults:2 (give +5 ice dragon armour)

Annotations:
D:2 Terence


Innate Abilities, Weirdness & Mutations

You are resistant to torment.
You are immune to poison.
You can fly continuously.
Your stone body is very resilient (AC +20).
Your wings are large and strong.
You resist negative energy.
You are resistant to electric shocks.
You can survive without breathing.
You are immune to petrification.
You are immune to rotting.
You have sharp toenails.
You are partially covered in icy blue scales (AC +1).
You are partially covered in molten scales (AC +1).
You are dopey. (Int -2)
You have an increased reservoir of magic (+10% MP).
You are resistant to hostile enchantments.
You passively map a small area around you.
You heal slowly when monsters are visible.


Message History

You continue eating.
You finish eating.
That royal jelly was delicious!
Press: ? - help, v - describe, . - travel
Here: a Hell Sentinel (heavily wounded)
The floor.
Evoke which item? (* to show all) (? for menu, Esc to quit)
You reach into the bag... ...but nothing happens.
The Hell Sentinel gestures at you.
The hellfire explodes!
The blast of hellfire engulfs you!
* * * LOW HITPOINT WARNING * * *
Drink which item? (? for menu, Esc to quit)
Magic courses through your body.
Casting: Regeneration
Confirm with . or Enter, or press ? or * to list all spells.
Aiming: Orb of Destruction
Press: ? - help, Shift-Dir - straight line, f/p - Hell Sentinel
Aim: a Hell Sentinel (heavily wounded)
The Hell Sentinel gestures at you.
The hellfire explodes!
The blast of hellfire engulfs you!
You die...

###
###.###################
......................#
....§.................#
....§§....1....*@.....#
##...§................#
#...##.##..#####...###
##...##§##..###......#
#....................#
.....................#
,
.....##.##............
........##........... *
#....#####..###.... *..


You could see a Hell Sentinel.

Vanquished Creatures
  the royal jelly (Slime:6)
  7 orbs of fire
  3 ancient liches (Zot:5)
  2 greater mummies (Tomb:1)
  Saint Roka (Vaults:1)
  4 curse toes
  2 pandemonium lords (Pan)
  Norris (Elf:2)
  3 Killer Klowns (Zot:5)
  11 golden dragons
  A profane servitor (Crypt:3)
  3 bone dragons
  4 electric golems
  the Enchantress (Depths:4)
  Nikola (Snake:3)
  A Brimstone Fiend (Pan)
  A Hellbinder (WizLab)
  6 liches
  Asterion (Elf:2)
  2 quicksilver dragons (Vaults:5)
  18 tentacled monstrosities
  6 titans
  4 deep elf blademasters (Elf:3)
  20 Orb Guardians (Zot:5)
  4 deep elf master archers (Elf:3)
  16 storm dragons
  An octopode crusher (Depths:3)
  21 acid blobs
  A thorn hunter (Swamp:3)
  8 Executioners (Pan)
  2 blood saints (Pan)
  13 sphinxes
  Agnes (Depths:2)
  4 tentacled starspawn
  Frances (D:14)
  2 ancient champions
  5 shadow dragons
  6 tengu reavers
  4 revenants (Tomb:1)
  10 azure jellies
  8 draconian monks
  5 greater nagas
  13 fire giants
  7 ghost moths
  8 deep elf sorcerers
  Donald (Elf:2)
  Wiglaf (Vaults:4)
  3 iron dragons
  10 frost giants
  9 draconian scorchers
  25 vault wardens
  5 emperor scorpions
  Aizul (Swamp:1)
  3 balrugs
  16 ghouls
  9 draconian zealots
  A warmonger (Pan)
  4 cacodemons
  2 reapers
  10 draconian knights
  Jorgrun (Depths:2)
  4 draconian shifters
  24 stone giants
  3 war gargoyles
  4 draconian annihilators
  20 very ugly things
  A lorocyproca (Pan)
  3 spriggan defenders (Depths:4)
  13 deep elf demonologists
  6 draconian callers
  8 green draconians
  A corrupter (Pan)
  3 curse skulls
  8 starcursed masses
  11 grey draconians
  12 white draconians
  3 vampire knights
  11 mottled draconians
  14 deep elf annihilators
  13 pale draconians
  13 purple draconians
  12 yellow draconians
  3 dire elephants
  5 black draconians
  8 red draconians
  6 black suns (Pan)
  2 chaos champions (Pan)
  3 unborn
  42 vault guards
  Snorg (Lair:3)
  8 eidola (Crypt:3)
  9 deep elf death magi
  8 death oozes (Slime:6)
  12 minotaurs
  2 blizzard demons (Pan)
  5 jiangshi
  11 mummy priests
  24 fire dragons
  18 ironheart preservers
  21 ettins
  12 great orbs of eyes
  8 death cobs
  8 green deaths (Pan)
  16 yaktaur captains
  A minotaur (shapeshifter) (Vaults:5)
  A ravenous item mimic (Depths:3)
  10 deep elf high priests
  Harold (Elf:1)
  3 rakshasas
  12 naga warriors
  28 ice dragons
  15 monstrous demonspawn (Pan)
  An anaconda (shapeshifter) (Depths:4)
  Nessos (Orc:3)
  25 hydras
  3 ghost crabs (Crypt:1)
  The ghost of blami the Harbinger of Death, a powerful DsFi of Yredelemnul (D:11)
  7 anacondas
  Erica (Orc:3)
  14 alligators
  5 spriggan air magi
  3 shambling mangroves
  10 deep troll earth magi
  4 death knights
  40 death yaks
  10 centaur warriors
  13 deep troll shamans
  9 vampire magi
  15 ogre magi
  6 spriggan berserkers
  4 titan zombies
  A spectral storm dragon (Crypt:3)
  10 shock serpents
  2 shock serpents (shapeshifter)
  4 hell hogs (Abyss:4)
  3 catoblepae
  9 naga sharpshooters
  A tengu warrior (D:15)
  6 sun demons
  Erolcha (Orc:1)
  A storm dragon zombie (Vaults:2)
  3 thrashing horrors
  4 wretched stars
  10 soul eaters
  24 hell knights
  2 death drakes
  2 orb spiders (shapeshifter)
  33 skeletal warriors
  A spatial maelstrom (Abyss:3)
  26 large abominations
  30 deep elf knights
  4 shadow wraiths
  A spriggan druid (Swamp:4)
  4 iron trolls
  A ghost moth zombie (Crypt:3)
  11 flayed ghosts
  A storm dragon skeleton (D:15)
  8 giant orange brains
  2 fire crabs (shapeshifter)
  A lindwurm (Zot:3)
  2 anaconda zombies (Crypt:3)
  A deep troll (shapeshifter) (Elf:1)
  2 ice devils
  7 naga ritualists
  A quicksilver dragon simulacrum (Tomb:1)
  7 shadow demons (Pan)
  12 torturous demonspawn (Pan)
  4 unseen horrors
  27 deep trolls
  A golden dragon skeleton (Crypt:1)
  7 gelid demonspawn (Pan)
  A lindwurm (shapeshifter) (Depths:3)
  6 deep elf summoners
  10 infernal demonspawn
  Pikel (D:5)
  3 hellions
  5 putrid demonspawn (Pan)
  11 orc knights
  A wolf spider zombie (Crypt:3)
  2 spectral hydras (Swamp:4)
  A shadow dragon zombie (Crypt:3)
  5 wolf spiders
  23 hill giants
  2 red wasps (shapeshifter)
  5 harpies (Vaults:3)
  28 necromancers
  11 swamp dragons
  A faun (shapeshifter) (Depths:2)
  2 fire giant zombies
  An iron dragon zombie (Crypt:3)
  6 mana vipers
  A draconian zombie (Zot:3)
  10 cyclopes
  15 deep elf conjurers
  9 human zombies
  3 shining eyes
  A salamander (shapeshifter) (Vaults:4)
  A moth of wrath (shapeshifter) (Depths:5)
  2 stone giant zombies (Crypt:3)
  11 oklob plants (Zot:2)
  4 orc sorcerers
  6 red wasps
  3 manticores
  24 ironbrand convokers
  7 guardian serpents
  2 draconians (shapeshifter)
  6 salamanders
  A sphinx skeleton (Vaults:4)
  An iron dragon skeleton (Crypt:1)
  20 phantasmal warriors
  67 ugly things
  5 griffons
  35 black mambas
  11 vault sentinels
  4 elephants (Lair:8)
  A stone giant skeleton (Tomb:1)
  A fire giant skeleton (Vaults:1)
  14 wizards
  A frost giant skeleton (Tomb:1)
  3 worldbinders
  34 moths of wrath
  13 sixfirhies
  13 naga magi
  A dire elephant zombie (Crypt:3)
  A mermaid (shapeshifter) (Depths:4)
  2 centaur zombies
  2 torpor snails
  16 orange demons
  A torpor snail (shapeshifter) (Depths:2)
  An iron devil (WizLab)
  An orange crystal statue (Depths:2)
  Psyche (D:8)
  A mottled draconian zombie (Zot:1)
  A titan simulacrum (Tomb:1)
  A tormentor (Pan)
  9 komodo dragons
  A spectral merfolk (Crypt:3)
  A purple draconian zombie (Zot:1)
  19 hellwings
  A storm dragon simulacrum (Crypt:1)
  An eye of devastation (shapeshifter) (Vaults:2)
  A pale draconian zombie (Zot:1)
  5 swamp worm zombies (Swamp:4)
  10 smoke demons
  4 demonic crawlers
  14 spiny frogs
  9 kobold demonologists
  8 fire drakes
  47 yaktaurs
  An elf (shapeshifter) (Abyss:3)
  15 trolls
  4 hydra zombies
  3 jumping spiders (Crypt:3)
  23 guardian mummies
  A komodo dragon (shapeshifter) (Vaults:4)
  4 hell beasts
  13 deep elf priests
  A silent spectre (Crypt:3)
  15 freezing wraiths
  10 air elementals
  31 two-headed ogres
  12 red devils
  Sonja (D:13)
  2 wind drakes
  24 raiju
  6 blue devils (Pan)
  A tengu simulacrum (Vaults:4)
  A wind drake (shapeshifter) (Vaults:4)
  5 ancient zymes
  2 queen bees (shapeshifter)
  17 ravens
  8 giant leeches
  A blink frog (shapeshifter) (D:13)
  3 baby alligators (Swamp:2)
  12 bog bodies
  2 polar bears (Lair:8)
  5 alligator zombies
  2 wandering mushrooms (Zot:4)
  4 spriggan zombies
  4 catoblepas skeletons
  4 spectral swamp dragons (Swamp:4)
  10 boulder beetles
  A fire dragon zombie (Zot:5)
  A spectral human (Vaults:2)
  2 ettin zombies
  92 slime creatures
  2 baby alligators (shapeshifter)
  21 blink frogs
  3 basilisks
  28 ynoxinuls
  23 flying skulls
  2 trapdoor spiders
  A trapdoor spider (shapeshifter) (Vaults:5)
  3 stone giant simulacra
  16 wraiths
  14 spriggans
  5 vampires
  9 shadows
  A tarantella (Vaults:5)
  2 ettin skeletons
  A fire dragon skeleton (D:15)
  A griffon skeleton (D:13)
  5 wyverns
  49 yaks
  8 redbacks
  30 deep elf magi
  8 water elementals
  3 giant leech zombies (Swamp:4)
  3 fire elementals (Depths:1)
  4 hungry ghosts
  A dire elephant simulacrum (Crypt:2)
  8 hippogriffs
  41 deep elf fighters
  14 humans (Vaults:4)
  11 neqoxecs
  17 vampire mosquitoes
  10 chaos spawn
  22 golden eyes
  61 nagas
  A deep troll zombie (Vaults:4)
  3 mottled dragons
  A yaktaur simulacrum (Vaults:1)
  Edmund (D:7)
  27 swamp worms
  8 wolves
  11 wargs
  3 spatial vortices (Abyss:3)
  A spiny frog zombie (Crypt:3)
  8 raven skeletons (Crypt:3)
  5 sky beasts
  29 ice beasts
  14 porcupines
  A human skeleton (Vaults:2)
  6 spiders
  17 necrophages
  11 small abominations
  40 water moccasins
  36 orc warriors
  2 manticore zombies
  A merfolk skeleton (Crypt:1)
  18 swamp drakes
  A deep troll simulacrum (Depths:1)
  2 ettin simulacra
  A fire dragon simulacrum (Depths:1)
  2 black bears
  A blink frog skeleton (Crypt:1)
  75 ogres
  7 boggarts
  21 centaurs
  11 yellow wasps
  An elephant skeleton (Crypt:2)
  22 crocodiles
  2 swamp dragon skeletons
  A boring beetle (shapeshifter) (Vaults:1)
  4 phantoms
  A boring beetle (Lair:7)
  4 lost souls (Crypt:3)
  Duvessa (D:8)
  A salamander zombie (Crypt:2)
  17 giant frogs
  4 brain worms
  7 big kobolds
  A wyvern zombie (D:14)
  A cyclops zombie (D:15)
  6 scorpions
  A cyclops skeleton (D:11)
  A big kobold (shapeshifter) (Vaults:5)
  4 insubstantial wisps (Swamp:1)
  An ogre simulacrum (Vaults:1)
  A troll zombie (Swamp:4)
  5 eyes of draining
  2 troll skeletons
  2 tengu zombies
  A queen bee zombie (Crypt:1)
  8 killer bees
  3 spriggan skeletons
  A human simulacrum (Vaults:2)
  5 electric eels
  Dowan (D:8)
  An orc simulacrum (Vaults:1)
  15 crimson imps
  5 elf zombies
  5 lava snakes (Snake:4)
  3 quasits
  14 wights
  4 centaur skeletons
  A giant frog skeleton (D:8)
  2 goliath beetles
  An iron imp (Abyss:2)
  17 jellies
  A two-headed ogre zombie (Vaults:5)
  11 hounds
  29 orc priests
  2 elf skeletons
  7 iguanas
  52 orc wizards
  4 orange rats
  4 worker ants
  6 lightning spires (Abyss:4)
  25 sheep
  A big kobold zombie (Crypt:1)
  Jessica (D:3)
  A mottled dragon skeleton (Crypt:2)
  A tengu skeleton (Crypt:2)
  2 big kobold skeletons (D:9)
  A necrophage skeleton (Vaults:4)
  17 mummies
  32 adders
  4 gnolls (D:7)
  3 orc zombies
  6 shadow imps
  55 green rats
  2 white imps
  2 worms
  47 ufetubi
  A lava snake zombie (Crypt:1)
  2 orc skeletons
  An iguana skeleton (D:10)
  A lava snake skeleton (Crypt:2)
  An ooze (shapeshifter) (Depths:4)
  3 oozes
  178 orcs
  4 ball pythons
  2 bat zombies (Crypt:2)
  7 giant cockroaches
  13 hobgoblins
  2 jackals (D:6)
  23 kobolds
  12 quokkas
  19 bats
  4 giant geckos
  3 giant newts
  13 goblins
  3 goblin skeletons
  4 goblin zombies (D:7)
  A hobgoblin skeleton (Crypt:1)
  4 hobgoblin zombies (D:7)
  A kobold skeleton (D:4)
  A lurking horror (Abyss:2)
  19 rats
  A rat zombie (D:5)
  8 blocks of ice
  A briar patch (Swamp:3)
  18 bushes (Zot:2)
  6 crawling corpses
  13 fungi
  19 plants
  3 starspawn tentacles (Abyss:2)
3916 creatures vanquished.

Vanquished Creatures (collateral kills)
  Mennas (Vaults:4)
  3 tentacled monstrosities
  5 Orb Guardians (Zot:5)
  A storm dragon (Vaults:5)
  A fire giant (Depths:3)
  A frost giant (Vaults:5)
  A draconian shifter (Zot:5)
  A deep elf demonologist (Elf:3)
  A green draconian (Zot:4)
  A black draconian (Zot:5)
  An ettin (Vaults:4)
  2 deep elf death magi
  A yaktaur captain (Vaults:5)
  3 jiangshi (Depths:3)
  A hydra (Swamp:5)
  2 spriggan air magi (Depths:3)
  A ravenous item mimic (Zot:4)
  An ogre mage (Vaults:5)
  A vampire mage (Depths:3)
  3 swamp dragons (Swamp:5)
  2 ironbrand convokers (Vaults:5)
  A draconian zombie (Zot:5)
  A small abomination (Elf:3)
  A moth of wrath (Zot:3)
  2 vault sentinels (Vaults:5)
  An air elemental (Swamp:4)
  A blink frog (shapeshifter) (Vaults:5)
  A bog body (Swamp:4)
  A two-headed ogre (Vaults:5)
  A shadow (Swamp:4)
  A warg (Vaults:5)
  2 ogres (Vaults:5)
  A troll zombie (Swamp:4)
  A shadow imp (Depths:3)
  2 crawling corpses
51 creatures vanquished.

Vanquished Creatures (others)
  Margery (Vaults:4)
  A deep elf demonologist (WizLab)
  A purple draconian (Zot:1)
  A death cob (Zot:5)
  A golden dragon zombie (Zot:5)
  A lindwurm (Swamp:5)
  A giant orange brain (Depths:1)
  A red wasp (Vaults:4)
  2 draconian zombies (Zot:1)
  A black mamba (Snake:5)
  9 air elementals
  An orange demon (WizLab)
  7 fire elementals
  A bog body (Swamp:3)
  An ettin zombie (Vaults:4)
  7 trapdoor spiders
  A deep elf mage (Elf:2)
  3 redbacks
  A ynoxinul (WizLab)
  A steam dragon (Swamp:5)
  A mottled dragon (Swamp:5)
  A naga (Snake:5)
  A small abomination (Abyss:3)
  2 swamp drakes (Swamp:5)
  2 ogres
  A spider (Slime:6)
  7 lost souls
  A crocodile (Swamp:1)
  A giant frog (Lair:6)
  A scorpion (D:5)
  A crimson imp (D:5)
  A hound (Lair:6)
  2 human zombies (Vaults:4)
  An adder (D:5)
  A green rat (Lair:6)
  A shadow imp (WizLab)
  An ufetubus (Abyss:3)
  4 chimeras
  An orc (Vaults:2)
  A kobold (D:5)
  174 blocks of ice
  13 fungi
  20 plants
  5 starspawn tentacles
  6 starspawn tentacle segments
  8 toadstools (Swamp:3)
301 creatures vanquished.

Grand Total: 4268 creatures vanquished

Notes
Turn   | Place    | Note
--------------------------------------------------------------
     0 | D:1      | bullock, the Gargoyle Wizard, began the quest for the Orb.
     0 | D:1      | Reached XP level 1. HP: 10/10 MP: 4/4
   848 | D:2      | Noticed Terence
  1159 | D:2      | Reached XP level 2. HP: 15/15 MP: 1/6
  1220 | D:2      | Learned a level 2 spell: Blink
  1223 | D:2      | Learned a level 2 spell: Repel Missiles
  1336 | D:2      | Found a radiant altar of Vehumet.
  1445 | D:2      | Became a worshipper of Vehumet
  2064 | D:2      | Reached XP level 3. HP: 19/19 MP: 0/8
  2183 | D:2      | Learned a level 3 spell: Conjure Flame
  3223 | D:3      | Found an ancient bone altar of Kikubaaqudgha.
  3246 | D:3      | Reached XP level 4. HP: 24/24 MP: 6/10
  3249 | D:3      | Acquired Vehumet's first power
  3249 | D:3      | Offered knowledge of Flame Tongue by Vehumet.
  3527 | D:3      | Noticed a sky beast
  3536 | D:3      | Killed a sky beast
  3536 | D:3      | Reached skill level 4 in Spellcasting
  3536 | D:3      | Reached XP level 5. HP: 28/28 MP: 2/13
  3799 | D:3      | Reached skill level 5 in Conjurations
  3812 | D:3      | Noticed Jessica
  3818 | D:3      | Killed Jessica
  3818 | D:3      | Reached XP level 6. HP: 32/32 MP: 10/15
  4412 | D:4      | Found Maiq's Antique Weapon Emporium.
  4778 | D:4      | Offered knowledge of Throw Frost by Vehumet.
  4998 | D:4      | Reached skill level 6 in Conjurations
  5004 | D:5      | Entered Level 5 of the Dungeon
  5008 | D:5      | Noticed Pikel
  5017 | D:5      | Killed Pikel
  5017 | D:5      | Reached skill level 5 in Spellcasting
  5017 | D:5      | Reached skill level 7 in Conjurations
  5017 | D:5      | Reached XP level 7. HP: 36/36 MP: 8/19
  5210 | D:5      | Found a staircase to the Ecumenical Temple.
  5226 | D:5      | Reached skill level 1 in Translocations
  5226 | D:5      | Reached XP level 8. HP: 30/41 MP: 12/20
  5234 | D:5      | Reached skill level 8 in Conjurations
  5380 | Temple   | Entered the Ecumenical Temple
  6067 | D:6      | Learned a level 3 spell: Mephitic Cloud
  6550 | D:6      | Found Ghamudel's Food Boutique.
  6783 | D:6      | Offered knowledge of Dazzling Spray by Vehumet.
  6835 | D:6      | Found a shadowy altar of Dithmenos.
  6851 | D:6      | Reached skill level 9 in Conjurations
  7254 | D:6      | Reached XP level 9. HP: 31/45 MP: 17/22
  8158 | D:7      | Found a glowing golden altar of the Shining One.
  8252 | D:7      | Found Jilown Klij's Book Shoppe.
  8267 | D:7      | Acquired Vehumet's second power
  8267 | D:7      | Reached skill level 1 in Fighting
  8399 | D:7      | Noticed Edmund
  8404 | D:7      | Killed Edmund
  8506 | D:7      | Reached skill level 5 in Translocations
  8948 | D:7      | Offered knowledge of Sticky Flame by Vehumet.
  9914 | D:8      | Noticed Psyche
  9930 | D:8      | Reached skill level 10 in Conjurations
  9931 | D:8      | Killed Psyche
  9931 | D:8      | Reached XP level 10. HP: 43/56 MP: 8/24
 10017 | D:8      | Acquired Vehumet's third power
 10471 | D:8      | Noticed Duvessa
 10471 | D:8      | Noticed Dowan
 10497 | D:8      | Killed Duvessa
 10513 | D:8      | Killed Dowan
 10771 | D:8      | Offered knowledge of Fulminant Prism by Vehumet.
 11061 | D:8      | Found Buttanu's Antique Weapon Shoppe.
 11068 | D:8      | Bought an encrusted war axe for 204 gold pieces
 11069 | D:8      | Identified the +10 war axe "Bionnoa" {venom, Str+2 SInv Stlth+} (You bought it in a shop on level 8 of the Dungeon)
 11081 | D:8      | Found a glowing silver altar of Zin.
 11083 | D:8      | Noticed an angel
 11692 | D:9      | Found Uneve's Antique Armour Shoppe.
 11700 | D:9      | Bought a heavy robe for 119 gold pieces
 11701 | D:9      | Identified the cursed -5 robe of Misfortune {-Cast Contam *Tele EV-4 Str-2 Dex-2 Int-2 Stlth-- Curse} (You bought it in a shop on level 9 of the Dungeon)
 11967 | D:9      | Reached skill level 5 in Fighting
 11969 | D:9      | Reached skill level 1 in Charms
 12451 | D:10     | Entered Level 10 of the Dungeon
 12670 | D:10     | Reached XP level 11. HP: 33/64 MP: 13/27
 12889 | D:10     | Reached skill level 11 in Conjurations
 13099 | D:10     | Noticed an ogre mage
 13117 | D:10     | Killed an ogre mage
 13119 | D:10     | Offered knowledge of Freezing Cloud by Vehumet.
 13644 | D:11     | Noticed blami's ghost (powerful DsFi)
 13789 | D:11     | Killed blami's ghost
 13789 | D:11     | Reached skill level 1 in Shields
 13961 | D:11     | Found a staircase to the Lair.
 14069 | D:11     | Noticed a hill giant
 14460 | D:11     | Killed a hill giant
 14693 | D:11     | Reached skill level 5 in Charms
 14925 | D:11     | Noticed an unseen horror
 14931 | D:11     | Killed an unseen horror
 15144 | D:12     | Found Moanu's Weapon Shop.
 15144 | D:12     | Found a staircase to the Orcish Mines.
 15146 | D:12     | Found Hisepiu's Armour Shop.
 15239 | Lair:1   | Entered Level 1 of the Lair of Beasts
 15938 | Lair:1   | Learned a level 6 spell: Freezing Cloud
 16055 | Lair:1   | Reached XP level 12. HP: 65/72 MP: 29/29
 17057 | Lair:2   | Reached skill level 5 in Shields
 17318 | Lair:2   | Learned a level 6 spell: Haste
 17331 | Lair:2   | Learned a level 5 spell: Bolt of Draining
 17624 | Lair:2   | Reached skill level 1 in Necromancy
 18131 | Lair:2   | Got a distressingly furry cloak
 18137 | Lair:2   | Identified the cursed +0 cloak of Focus {Slay+3} (You found it on level 2 of the Lair of Beasts)
 18516 | Lair:3   | Noticed a four-headed hydra
 18535 | Lair:3   | Killed a seven-headed hydra
 18535 | Lair:3   | Reached skill level 12 in Conjurations
 18865 | Lair:3   | Noticed a five-headed hydra
 18873 | Lair:3   | Killed a five-headed hydra
 18895 | Lair:3   | Offered knowledge of Lightning Bolt by Vehumet.
 19713 | Lair:3   | Noticed Snorg
 19743 | Lair:3   | Killed Snorg
 19748 | Lair:3   | Reached XP level 13. HP: 62/79 MP: 30/30
 19936 | Lair:4   | Got a fabulously ornate robe
 19937 | Lair:4   | Identified the +1 robe "Cuwasumu" {Dex+4 Int+1} (You found it on level 4 of the Lair of Beasts)
 21577 | Lair:5   | Found a frozen archway.
 21764 | IceCv    | Entered an ice cave
 21779 | IceCv    | Offered knowledge of Ignite Poison by Vehumet.
 23586 | Lair:6   | Found a staircase to the Swamp.
 23674 | Lair:6   | Found a staircase to the Snake Pit.
 24982 | Lair:7   | Gained mutation: Your wings are large and strong. [gargoyle growth]
 24982 | Lair:7   | Reached XP level 14. HP: 41/86 MP: 31/31
 25314 | Lair:7   | Reached skill level 10 in Spellcasting
 25570 | Lair:7   | Reached skill level 10 in Shields
 26130 | Lair:7   | Reached skill level 13 in Conjurations
 26317 | Lair:7   | Found a viscous altar of Jiyva.
 26319 | Lair:7   | Found a staircase to the Slime Pits.
 26573 | Lair:7   | Offered knowledge of Poisonous Cloud by Vehumet.
 26599 | Lair:8   | Entered Level 8 of the Lair of Beasts
 27077 | Lair:8   | Reached skill level 10 in Charms
 27132 | Lair:8   | Got an ancient short sword
 27160 | Lair:8   | Identified the +1 short sword of the Big Bang {elec, +Rage rPois rF- MR++} (You found it on level 8 of the Lair of Beasts)
 27356 | Lair:8   | Reached skill level 10 in Fighting
 27358 | Lair:8   | Reached skill level 5 in Necromancy
 28084 | Lair:2   | Learned a level 5 spell: Force Lance
 28204 | Orc:1    | Entered Level 1 of the Orcish Mines
 28212 | Orc:1    | Offered knowledge of Orb of Destruction by Vehumet.
 28353 | Orc:1    | Reached XP level 15. HP: 92/92 MP: 31/33
 28358 | Orc:1    | Reached skill level 1 in Ice Magic
 28474 | Orc:1    | Noticed Erolcha
 28476 | Orc:1    | Killed Erolcha
 29561 | Orc:2    | Offered knowledge of Delayed Fireball by Vehumet.
 30095 | Orc:3    | Noticed Nessos
 30139 | Orc:3    | Killed Nessos
 30248 | Orc:3    | Found a staircase to the Elven Halls.
 30323 | Orc:3    | Noticed Erica
 30327 | Orc:3    | Killed Erica
 30355 | Orc:3    | Found an iron altar of Okawaru.
 30580 | Orc:4    | Entered Level 4 of the Orcish Mines
 30580 | Orc:4    | Found Ikis' Food Emporium.
 30585 | Orc:4    | Found a bloodstained altar of Trog.
 30618 | Orc:4    | Offered knowledge of Conjure Ball Lightning by Vehumet.
 30622 | Orc:4    | Reached skill level 5 in Ice Magic
 30785 | Orc:4    | Found Ghuv's Food Boutique.
 30791 | Orc:4    | Found Cana's Antique Armour Shoppe.
 30792 | Orc:4    | Found Pnugharu's Antique Weapon Shoppe.
 31361 | Orc:4    | Bought a runed cloak for 117 gold pieces
 31558 | D:12     | Noticed a sphinx
 31568 | D:12     | Killed a sphinx
 31580 | D:12     | Noticed a hill giant
 31582 | D:12     | Killed a hill giant
 31606 | D:12     | Noticed an ettin
 31606 | D:12     | Noticed a flayed ghost
 31610 | D:12     | Killed an ettin
 31617 | D:12     | Killed a flayed ghost
 32196 | D:13     | Noticed Sonja
 32633 | D:13     | Killed Sonja
 32693 | D:13     | Found a stormy altar of Qazlal.
 32849 | D:13     | Found a gate to the Vaults.
 32858 | D:13     | Found Klamaich's Distillery.
 32864 | D:13     | Bought a potion of curing for 36 gold pieces
 32864 | D:13     | Bought a potion of magic for 99 gold pieces
 33192 | D:14     | Offered knowledge of Lehudib's Crystal Spear by Vehumet.
 33192 | D:14     | Offered knowledge of Fire Storm by Vehumet.
 33192 | D:14     | Offered knowledge of Glaciate by Vehumet.
 33525 | D:14     | Reached XP level 16. HP: 98/98 MP: 26/33
 33884 | D:14     | Noticed Frances
 33893 | D:14     | Killed Frances
 34222 | D:14     | Found Loyff's Armour Boutique.
 35076 | D:15     | Entered Level 15 of the Dungeon
 35499 | D:15     | Found a staircase to the Depths.
 36713 | Swamp:1  | Entered Level 1 of the Swamp
 36766 | Swamp:1  | Reached skill level 10 in Necromancy
 36775 | Swamp:1  | Reached skill level 10 in Ice Magic
 37368 | Swamp:1  | Noticed Aizul
 37396 | Swamp:1  | Killed Aizul
 37964 | Swamp:1  | Reached skill level 1 in Evocations
 39469 | Swamp:3  | Reached XP level 17. HP: 103/103 MP: 28/34
 39678 | Swamp:3  | Noticed a thorn hunter
 39687 | Swamp:3  | Killed a thorn hunter
 40641 | Swamp:4  | Got a brightly glowing leather armour
 40658 | Swamp:4  | Identified the +0 leather armour of Vecusi {rF+} (You found it on level 4 of the Swamp)
 41973 | Swamp:4  | Reached skill level 5 in Evocations
 42687 | Swamp:4  | Got an ichor-stained robe
 42751 | Swamp:4  | Got an encrusted blowgun
 42762 | Swamp:4  | Identified the +2 robe of the Spheres {Dex+2 Int+5} (You took it off a spriggan on level 4 of the Swamp)
 42765 | Swamp:4  | Identified the +9 blowgun "Bracap" {speed, +Blink Int-2} (You found it on level 4 of the Swamp)
 42784 | Swamp:5  | Entered Level 5 of the Swamp
 43667 | Swamp:5  | Got a decaying rune of Zot
 44331 | Swamp:5  | Learned a level 4 spell: Control Teleport
 44831 | Snake:1  | Entered Level 1 of the Snake Pit
 44836 | Snake:1  | Reached skill level 14 in Conjurations
 45058 | Snake:1  | Reached XP level 18. HP: 110/110 MP: 29/36
 45472 | Snake:2  | Found Shiseom's Distillery.
 45561 | Snake:2  | Bought a potion of curing for 36 gold pieces
 45561 | Snake:2  | Bought a potion of cure mutation for 630 gold pieces
 45561 | Snake:2  | Bought a potion of heal wounds for 54 gold pieces
 45561 | Snake:2  | Bought a potion of heal wounds for 54 gold pieces
 45561 | Snake:2  | Bought a potion of curing for 36 gold pieces
 45718 | Snake:2  | Found Oniat's Weapon Boutique.
 45978 | Snake:2  | Found Vuxun's Weapon Emporium.
 47307 | Snake:3  | Noticed Nikola
 47317 | Snake:3  | Killed Nikola
 49199 | Snake:5  | Entered Level 5 of the Snake Pit
 50398 | Snake:5  | Reached XP level 19. HP: 109/117 MP: 36/37
 50673 | Snake:5  | Gained mutation: Your muscles are strong. (Str +2) [mutagenic meat]
 50674 | Snake:5  | Gained mutation: You can spit poison. [mutagenic meat]
 50708 | Snake:5  | Gained mutation: You are dopey. (Int -2) [potion of mutation]
 50708 | Snake:5  | Gained mutation: Your flesh is heat resistant. [potion of mutation]
 50708 | Snake:5  | Gained mutation: Your flesh is very heat resistant. [potion of mutation]
 51183 | Snake:5  | Got a serpentine rune of Zot
 51625 | Lair:2   | Learned a level 7 spell: Orb of Destruction
 51633 | Lair:2   | Gained mutation: You have a pair of small horns on your head. [potion of mutation]
 51633 | Lair:2   | Lost mutation: Your flesh is very heat resistant. [potion of mutation]
 51635 | Lair:2   | Gained mutation: You are agile. (Dex +2) [potion of mutation]
 51635 | Lair:2   | Gained mutation: Your flesh is very heat resistant. [potion of mutation]
 51635 | Lair:2   | Gained mutation: You tend to lose your temper in combat. [potion of mutation]
 51636 | Lair:2   | Lost mutation: Your flesh is very heat resistant. [potion of cure mutation]
 51636 | Lair:2   | Lost mutation: You are dopey. (Int -2) [potion of cure mutation]
 51636 | Lair:2   | Lost mutation: Your muscles are strong. (Str +2) [potion of cure mutation]
 51636 | Lair:2   | Lost mutation: Your flesh is heat resistant. [potion of cure mutation]
 51636 | Lair:2   | Lost mutation: You are agile. (Dex +2) [potion of cure mutation]
 51637 | Lair:2   | Gained mutation: Your muscles are strong. (Str +2) [potion of beneficial mutation]
 51804 | Elf:1    | Entered Level 1 of the Elven Halls
 52820 | Elf:1    | Noticed Harold
 52827 | Elf:1    | Killed Harold
 53304 | Elf:2    | Noticed Asterion
 53304 | Elf:2    | Noticed Norris
 53316 | Elf:2    | Noticed Donald
 53320 | Elf:2    | Killed Donald
 53402 | Elf:2    | Found a burning altar of Makhleb.
 53584 | Elf:2    | Reached skill level 15 in Conjurations
 53586 | Elf:2    | Got a polished ring mail
 53597 | Elf:2    | Identified the +6 ring mail of Marbles {SInv} (You found it on level 2 of the Elven Halls)
 53701 | Elf:2    | Killed Norris
 53701 | Elf:2    | Reached skill level 10 in Evocations
 53828 | Elf:2    | Killed Asterion
 54565 | Elf:3    | Entered Level 3 of the Elven Halls
 55121 | Elf:3    | Reached XP level 20. HP: 80/124 MP: 11/39
 55515 | Elf:3    | HP: 3/124 [small abomination[a deep elf high priest] (13)]
 56291 | Elf:3    | Got a twisted short sword
 56292 | Elf:3    | Identified the +0 short sword of the Dozen Realms {slice, +Inv SInv} (You took it off a deep elf annihilator on level 3 of the Elven Halls)
 56321 | Elf:3    | Got an iridescent trident
 56329 | Elf:3    | Identified the +6 trident "Qux Shru" {drain, +Blink Str-2} (You found it on level 3 of the Elven Halls)
 56362 | Elf:3    | Got an ebony short sword
 56373 | Elf:3    | Got a pitted morningstar
 56374 | Elf:3    | Identified the +8 morningstar "Skeh Pho" {crush, rElec rC- rN+} (You found it on level 3 of the Elven Halls)
 56375 | Elf:3    | Identified the cursed -2 short sword of Gozag {slice, +Inv rF+ rC+} (You found it on level 3 of the Elven Halls)
 56409 | Elf:3    | Got a smoking wooden ring
 56410 | Elf:3    | Got a faintly glowing hand axe
 56410 | Elf:3    | Got a shimmering shield
 56421 | Elf:3    | Identified the +3 shield "Streukk" {Slay+4} (You took it off a deep elf sorcerer on level 3 of the Elven Halls)
 56485 | Elf:3    | Identified the +9 hand axe "Aghyos" {elec, rN+ MR++ Dex+2} (You took it off a deep elf sorcerer on level 3 of the Elven Halls)
 56551 | Elf:3    | Got a slimy golden ring
 56560 | Elf:3    | Got a warped morningstar
 56569 | Elf:3    | Identified the ring "Cruw" {+Fly Str+3 Dex+3} (You took it off a deep elf demonologist on level 3 of the Elven Halls)
 56571 | Elf:3    | Identified the cursed ring of the Queen {AC-3 SInv} (You took it off a deep elf sorcerer on level 3 of the Elven Halls)
 56585 | Elf:3    | Got a bloodstained eveningstar
 56653 | Elf:3    | Identified the cursed +1 eveningstar of Cedofut {antimagic, rElec rPois Str+1} (You found it on level 3 of the Elven Halls)
 56687 | Elf:3    | Identified the +5 morningstar of Might {drain, Int+2 SInv} (You found it on level 3 of the Elven Halls)
 57967 | Lair:2   | Gained mutation: Your flesh is cold resistant. [potion of mutation]
 57967 | Lair:2   | Gained mutation: Your body is slowly deteriorating. [potion of mutation]
 57968 | Lair:2   | Lost mutation: Your muscles are strong. (Str +2) [potion of mutation]
 57969 | Lair:2   | Lost mutation: Your flesh is cold resistant. [potion of cure mutation]
 57969 | Lair:2   | Lost mutation: Your body is slowly deteriorating. [potion of cure mutation]
 57969 | Lair:2   | Lost mutation: You tend to lose your temper in combat. [potion of cure mutation]
 57969 | Lair:2   | Lost mutation: You can spit poison. [potion of cure mutation]
 57969 | Lair:2   | Lost mutation: You have a pair of small horns on your head. [potion of cure mutation]
 58138 | Vaults:1 | Entered Level 1 of the Vaults
 58149 | Vaults:1 | Found Qeaqeabo's Weapon Boutique.
 58152 | Vaults:1 | Got a transparent iron amulet
 58793 | Vaults:1 | Reached skill level 15 in Spellcasting
 58847 | Vaults:1 | Got a slimy shortbow
 59094 | Vaults:1 | Noticed Saint Roka
 59104 | Vaults:1 | Killed Saint Roka
 59104 | Vaults:1 | Reached skill level 16 in Conjurations
 60456 | Vaults:2 | Reached XP level 21. HP: 118/132 MP: 29/41
 60704 | Vaults:2 | Noticed a golden dragon
 60876 | Vaults:2 | Killed a golden dragon
 61032 | Vaults:2 | Got a wavering marble ring
 61047 | Vaults:2 | Identified the amulet of Fewec {Ward rN+ Str-1 Int-4} (You found it on level 1 of the Vaults)
 61048 | Vaults:2 | Identified the ring "Shroim" {rF+ rN+ SInv} (You found it on level 2 of the Vaults)
 61380 | Vaults:2 | Identified the +6 shortbow of the Clouds {venom, rPois} (You found it on level 1 of the Vaults)
 61539 | Vaults:2 | Got a pitted spear
 61540 | Vaults:2 | Identified the cursed +9 spear of Qigom {speed, Int+4 Stlth+} (You took it off an ogre mage on level 2 of the Vaults)
 61941 | Vaults:2 | Found Siukuod's Assorted Antiques.
 62001 | Vaults:2 | Reached skill level 17 in Spellcasting
 62561 | Vaults:2 | Found a staircase to the Crypt.
 62898 | Vaults:2 | Found a portal to a secret trove of treasure.
 63498 | Vaults:3 | Reached XP level 22. HP: 139/139 MP: 42/42
 63743 | Vaults:3 | Reached skill level 15 in Fighting
 64664 | Vaults:4 | Noticed Mennas
 64715 | Vaults:4 | Killed Mennas
 65205 | Vaults:4 | Found a flickering gateway to a bazaar.
 65211 | Bazaar   | Entered a bazaar
 65215 | Bazaar   | Found Vuoffy's Jewellery Boutique.
 65233 | Bazaar   | Found Cabraic's Antique Weapon Emporium.
 65238 | Bazaar   | Bought an iridescent war axe for 161 gold pieces
 65239 | Bazaar   | Identified the +2 war axe "Kliapo" {venom, Stlth-- Curse} (You bought it in a shop in a bazaar)
 65253 | Bazaar   | Found Veodd's Book Boutique.
 65258 | Bazaar   | Bought a book of Necromancy for 300 gold pieces
 65263 | Bazaar   | Learned a level 3 spell: Regeneration
 65275 | Bazaar   | Found Peen's General Store.
 65281 | Bazaar   | Bought a potion of cure mutation for 560 gold pieces
 66169 | Vaults:4 | Reached skill level 18 in Spellcasting
 66334 | Vaults:4 | Noticed Wiglaf
 66348 | Vaults:4 | Killed Wiglaf
 66363 | Vaults:4 | Noticed Margery
 66384 | Vaults:4 | Killed Margery
 66887 | Vaults:4 | Reached XP level 23. HP: 146/146 MP: 34/43
 67409 | Vaults:4 | Reached skill level 15 in Ice Magic
 67572 | Vaults:4 | Identified a +4 rod of ignition (10/10) (You found it on level 4 of the Vaults)
 67993 | Lair:2   | Learned a level 3 spell: Vampiric Draining
 68016 | Lair:2   | Learned a level 6 spell: Simulacrum
 68578 | Depths:1 | Entered Level 1 of the Depths
 68593 | Depths:1 | Paralysed by a vampire knight for 5 turns
 68634 | D:15     | Gained mutation: You are agile. (Dex +2) [mutagenic meat]
 68635 | D:15     | Gained mutation: You can spit poison. [mutagenic meat]
 68643 | D:15     | Gained mutation: Your magical capacity is low (-10% MP). [mutagenic meat]
 68644 | D:15     | Gained mutation: You have difficulty communicating with the divine. [mutagenic meat]
 68852 | Depths:1 | Reached skill level 15 in Shields
 69670 | Depths:1 | Found a gateway to Hell.
 69992 | Depths:1 | Found a one-way gate leading to the halls of Pandemonium.
 70034 | Depths:1 | Got a scintillating marble ring
 70036 | Depths:1 | Identified the ring "Madwe" {Str-1 Dex+2 Slay+4} (You found it on level 1 of the Depths)
 70053 | Depths:1 | Identified a +0 pair of boots of running (You found it on level 1 of the Depths)
 70229 | Depths:1 | Reached skill level 1 in Armour
 71520 | Depths:2 | Noticed Jorgrun
 71523 | Depths:2 | Got a bloodstained scale mail
 71528 | Depths:2 | Killed Jorgrun
 72167 | Depths:2 | Lost mutation: You are agile. (Dex +2) [mutagenic meat]
 72168 | Depths:2 | Gained mutation: Armour fits poorly on your strangely shaped body. [mutagenic meat]
 72169 | Depths:2 | Gained mutation: You have sharp toenails. [mutagenic meat]
 72173 | Depths:2 | Gained mutation: You heal slowly when monsters are visible. [mutagenic meat]
 72174 | Depths:2 | Gained mutation: You are frail (-10% HP). [mutagenic meat]
 72175 | Depths:2 | Lost mutation: You are frail (-10% HP). [mutagenic meat]
 72186 | Depths:2 | Lost mutation: You can spit poison. [mutagenic meat]
 72187 | Depths:2 | Gained mutation: You passively map a small area around you. [mutagenic meat]
 72188 | Depths:2 | Gained mutation: Your spells are a little easier to cast, but a little less powerful. [mutagenic meat]
 72693 | Depths:2 | Reached XP level 24. HP: 154/154 MP: 25/39
 72701 | Depths:2 | Reached skill level 5 in Armour
 72721 | Depths:2 | Reached skill level 19 in Spellcasting
 72953 | Depths:2 | Identified a scroll of acquirement
 72964 | Depths:2 | Identified the +4 scale mail of the Saviour {+Fly rPois} (You found it on level 2 of the Depths)
 73011 | Depths:2 | Noticed Agnes
 73016 | Depths:2 | Killed Agnes
 73427 | Lair:2   | Got a dazzling cloak
 73438 | Lair:2   | Identified the +0 cloak of the Invisible Hand {rElec rC+ Dex-2} (You acquired it on level 2 of the Lair of Beasts)
 73451 | Lair:2   | Lost mutation: Armour fits poorly on your strangely shaped body. [potion of cure mutation]
 73451 | Lair:2   | Lost mutation: You heal slowly when monsters are visible. [potion of cure mutation]
 73451 | Lair:2   | Lost mutation: Your magical capacity is low (-10% MP). [potion of cure mutation]
 73451 | Lair:2   | Lost mutation: You have difficulty communicating with the divine. [potion of cure mutation]
 73905 | Depths:3 | Gained mutation: You are dopey. (Int -2) [mutagenic meat]
 74337 | Depths:3 | Found a gateway to a ziggurat.
 75824 | Depths:3 | Gained mutation: Your spells are easier to cast, but less powerful. [mutagenic meat]
 75826 | Depths:3 | Gained mutation: Space occasionally distorts in your vicinity. [mutagenic meat]
 75828 | Depths:3 | Gained mutation: You are somewhat resistant to further mutation. [mutagenic meat]
 76053 | Depths:4 | Noticed the Enchantress
 76534 | Depths:4 | Killed the Enchantress
 76548 | Depths:4 | Got a faerie dragon armour
 76976 | Depths:4 | Reached XP level 25. HP: 118/162 MP: 5/45
 77814 | Depths:4 | Found a one-way gate to the infinite horrors of the Abyss.
 79230 | Depths:4 | Got a blackened great sword
 79231 | Depths:4 | Identified the +4 great sword of the Establishment {slice, +Inv rElec rF-} (You took it off a deep elf high priest on level 4 of the Depths)
 79233 | Depths:4 | Identified the +1 faerie dragon armour {+Fly} (You took it off the Enchantress on level 4 of the Depths)
 79355 | Depths:4 | Identified a +3 rod of inaccuracy (10/10) (You found it on level 3 of the Depths)
 79516 | Depths:5 | Entered Level 5 of the Depths
 80594 | Depths:5 | Reached skill level 10 in Armour
 80849 | Depths:5 | Found a gate to the Realm of Zot.
 81126 | Depths:5 | Gained mutation: You are frail (-10% HP). [a shining eye]
 81946 | Lair:2   | Lost mutation: You are frail (-10% HP). [potion of cure mutation]
 81946 | Lair:2   | Lost mutation: You are dopey. (Int -2) [potion of cure mutation]
 81946 | Lair:2   | Lost mutation: Space occasionally distorts in your vicinity. [potion of cure mutation]
 81946 | Lair:2   | Lost mutation: Your spells are easier to cast, but less powerful. [potion of cure mutation]
 81946 | Lair:2   | Lost mutation: You are somewhat resistant to further mutation. [potion of cure mutation]
 81947 | Lair:2   | Gained mutation: You have an increased reservoir of magic (+10% MP). [potion of beneficial mutation]
 81948 | Lair:2   | Gained mutation: You evolve. [potion of beneficial mutation]
 81949 | Lair:2   | Gained mutation: You are partially covered in molten scales (AC +1). [potion of beneficial mutation]
 82194 | Slime:1  | Entered Level 1 of the Pits of Slime
 82661 | Slime:3  | Reached XP level 26. HP: 154/170 MP: 35/50
 82681 | Slime:3  | Reached skill level 20 in Spellcasting
 82692 | Slime:3  | Learned a level 9 spell: Glaciate
 82897 | Slime:2  | Found a viscous altar of Jiyva.
 83569 | Slime:6  | Entered Level 6 of the Pits of Slime
 83650 | Slime:6  | Noticed the royal jelly
 83670 | Slime:6  | Killed the royal jelly
 84615 | Slime:6  | Identified the Almanac of Darkness and Displacement
 84621 | Slime:6  | Got a faintly glowing ring mail
 84628 | Slime:6  | Got an iridescent battleaxe
 84641 | Slime:6  | Got a smoking bone amulet
 84664 | Slime:6  | Got a slimy rune of Zot
 84673 | Slime:6  | Got a twitching glass ring
 84703 | Slime:6  | Identified the cursed +0 ring mail of Struosec {Str+3 Slay+6} (You found it on level 6 of the Pits of Slime)
 84704 | Slime:6  | Identified the ring of Jiyphixu {Fire Slay+5 Stlth-} (You found it on level 6 of the Pits of Slime)
 84812 | Slime:6  | Identified Stunan's Incunabulum of Combat Magic (You found it on level 6 of the Pits of Slime)
 84851 | Slime:6  | Identified the +3 battleaxe "Gallonor" {pain, Int+2} (You found it on level 6 of the Pits of Slime)
 84861 | Slime:6  | Identified the amulet of Divine Compulsion {Clar rElec} (You found it on level 6 of the Pits of Slime)
 85615 | Vaults:5 | Entered Level 5 of the Vaults
 86433 | Vaults:5 | Reached skill level 21 in Conjurations
 86433 | Vaults:5 | Reached XP level 27. HP: 176/178 MP: 44/50
 87445 | Vaults:5 | Got a silver rune of Zot
 87727 | Vaults:5 | Got a faintly glowing pewter amulet
 87831 | Vaults:5 | Identified Ozocubu's Papyrus of Cold and Bewitchment
 88379 | Vaults:5 | Identified the amulet of Bloalol {Faith rF+} (You took it off a deep elf high priest on level 5 of the Vaults)
 89107 | Vaults:5 | Got a warped plate armour
 89108 | Vaults:5 | Identified the +4 plate armour of the Five Realms {Dex+1 Int-4} (You found it on level 5 of the Vaults)
 89111 | Vaults:5 | Got a pitted chain mail
 89112 | Vaults:5 | Identified the -4 chain mail of the Eternal Void {rPois Int+2} (You found it on level 5 of the Vaults)
 90037 | Depths:4 | Voluntarily entered the Abyss.
 90535 | Abyss:2  | Found a corrupted altar of Lugonu.
 92492 | Abyss:4  | Got an abyssal rune of Zot
 92520 | Depths:4 | Escaped the Abyss
 92792 | Depths:5 | Reached skill level 22 in Conjurations
 92860 | Zot:1    | Entered Level 1 of the Realm of Zot
 93969 | Zot:1    | Noticed an orb of fire
 93977 | Zot:1    | Killed an orb of fire
 96131 | Zot:3    | Reached skill level 23 in Conjurations
 96204 | Zot:2    | Gained mutation: You are dopey. (Int -2) [evolution]
 99414 | Zot:5    | Entered Level 5 of the Realm of Zot
100552 | Zot:5    | Noticed an orb of fire
100602 | Zot:5    | Killed an orb of fire
100602 | Zot:5    | Reached skill level 24 in Conjurations
100764 | Zot:5    | Noticed an orb of fire
100769 | Zot:5    | Killed an orb of fire
100900 | Zot:5    | Noticed an orb of fire
100902 | Zot:5    | Noticed an ancient lich
100903 | Zot:5    | Killed an orb of fire
100908 | Zot:5    | Noticed an orb of fire
100918 | Zot:5    | Gained mutation: You heal slowly when monsters are visible. [an orb of fire]
101306 | Zot:5    | Noticed an ancient lich
101309 | Zot:5    | Killed an ancient lich
101373 | Zot:5    | Killed an ancient lich
101433 | Zot:5    | Noticed an orb of fire
101456 | Zot:5    | Killed an orb of fire
101651 | Zot:5    | Noticed an orb of fire
101660 | Zot:5    | Killed an orb of fire
102078 | Zot:5    | Noticed an ancient lich
102094 | Zot:5    | Killed an ancient lich
102577 | Zot:5    | Killed an orb of fire
103676 | Lair:2   | Learned a level 5 spell: Dispel Undead
103966 | Vaults:1 | Gained mutation: You are partially covered in icy blue scales (AC +1). [evolution]
104088 | Crypt:1  | Entered Level 1 of the Crypt
104315 | Crypt:1  | Found a magical portal.
104704 | WizLab   | Entered The Hall of Trecouph the Hellbinder
104980 | WizLab   | Found a burning altar of Makhleb.
104990 | WizLab   | Identified Sif Muna's Compendium of Calling
104993 | WizLab   | Identified a +0 rod of shadows (9/9) (You found it in a wizard's laboratory)
105001 | WizLab   | Identified the Tome of Summoning
105027 | WizLab   | Identified a -2 rod of shadows (13/13) (You found it in a wizard's laboratory)
106403 | Crypt:2  | Reached skill level 25 in Conjurations
106896 | Crypt:3  | Entered Level 3 of the Crypt
107958 | Crypt:3  | Got a warped leather armour
107975 | Crypt:3  | Identified the +3 leather armour "Icaff" {SInv} (You found it on level 3 of the Crypt)
108043 | Crypt:3  | Found a basalt altar of Yredelemnul.
108325 | Crypt:3  | Identified Khufu's Reference Book on Unholy Rituals and Augmentations
109389 | Crypt:3  | Found a staircase to the Tomb.
109751 | Crypt:3  | Got a steaming ring mail
109752 | Crypt:3  | Identified the +5 ring mail of the Armoured One {rElec} (You took it off a skeletal warrior on level 3 of the Crypt)
110275 | Lair:2   | Lost mutation: Your spells are a little easier to cast, but a little less powerful. [potion of mutation]
110275 | Lair:2   | Gained mutation: Your spells are a little harder to cast, but a little more powerful. [potion of mutation]
110275 | Lair:2   | Gained mutation: You are resistant to hostile enchantments. [potion of mutation]
110784 | Tomb:1   | Entered Level 1 of the Tomb of the Ancients
113164 | Depths:1 | Lost mutation: Your spells are a little harder to cast, but a little more powerful. [evolution]
113164 | Depths:1 | Lost mutation: You evolve. [end of evolution]
113335 | Pan      | Entered Pandemonium
113759 | Pan      | Noticed Shimp the pandemonium lord
113777 | Pan      | Killed Shimp the pandemonium lord
114177 | Pan      | Found an exit through the horrors of the Abyss.
114902 | Pan      | Noticed Sameac the pandemonium lord
114904 | Pan      | Reached skill level 26 in Conjurations
114914 | Pan      | Killed Sameac the pandemonium lord
116166 | Pan      | Found an exit through the horrors of the Abyss.
117220 | Pan      | Noticed Billy the pandemonium lord
117414 | Pan      | Killed from afar by a Hell Sentinel

Action                   |  1- 3 |  4- 6 |  7- 9 | 10-12 | 13-15 | 16-18 | 19-21 | 22-24 | 25-27 || total
-------------------------+-------+-------+-------+-------+-------+-------+-------+-------+-------++-------
Melee: Mace              |     7 |       |       |       |       |       |       |       |       ||     7
       Whip              |    34 |    16 |   130 |       |       |       |       |       |       ||   180
       Flail             |       |     3 |       |       |       |       |       |       |       ||     3
       War axe           |       |       |       |   401 |   802 |   657 |    55 |       |       ||  1915
       Dagger            |       |       |       |    53 |       |       |       |       |       ||    53
       Morningstar       |       |       |       |     5 |       |       |       |       |       ||     5
       Unarmed           |       |       |       |       |       |     5 |       |       |       ||     5
       Hand axe          |       |       |       |       |       |       |   273 |   613 |  1573 ||  2459
       Eveningstar       |       |       |       |       |       |       |     9 |       |       ||     9
       Staff             |       |       |       |       |       |       |       |     1 |   231 ||   232
       Rod               |       |       |       |       |       |       |       |       |     4 ||     4
 Cast: Magic Dart        |   118 |   138 |   397 |   411 |   117 |    31 |       |       |       ||  1212
       Repel Missiles    |     2 |       |     2 |     2 |     1 |     5 |     5 |     2 |    13 ||    32
       Conjure Flame     |     6 |     3 |    20 |    21 |    18 |    34 |     6 |    10 |    55 ||   173
       Blink             |     1 |       |    10 |    29 |    17 |    45 |    14 |    28 |    81 ||   225
       Mephitic Cloud    |       |       |     8 |    51 |    35 |       |       |     1 |       ||    95
       Bolt of Draining  |       |       |       |    12 |   275 |   397 |   202 |   139 |   241 ||  1266
       Freezing Cloud    |       |       |       |       |     8 |   124 |   196 |   228 |   328 ||   884
       Haste             |       |       |       |       |     1 |     1 |       |     4 |    14 ||    20
       Force Lance       |       |       |       |       |     1 |       |     4 |    13 |    36 ||    54
       Orb of Destructio |       |       |       |       |       |       |    20 |   101 |   628 ||   749
       Regeneration      |       |       |       |       |       |       |       |    12 |    33 ||    45
       Control Teleport  |       |       |       |       |       |       |       |     2 |    19 ||    21
       Simulacrum        |       |       |       |       |       |       |       |     2 |    11 ||    13
       Dispel Undead     |       |       |       |       |       |       |       |       |   239 ||   239
       Glaciate          |       |       |       |       |       |       |       |       |   191 ||   191
       Vampiric Draining |       |       |       |       |       |       |       |       |     2 ||     2
 Abil: Fly               |       |       |       |       |     1 |     2 |       |     2 |       ||     5
       Stop Flying       |       |       |       |       |       |       |       |     2 |       ||     2
Evoke: Wand              |       |     3 |     2 |    10 |    22 |    40 |    18 |    22 |    32 ||   149
       Box of beasts     |       |       |       |       |       |     3 |     6 |       |       ||     9
       Stone of tremors  |       |       |       |       |       |     3 |     1 |     1 |       ||     5
       Fan of gales      |       |       |       |       |       |     2 |     1 |     4 |     6 ||    13
       Staff of energy   |       |       |       |       |       |       |       |     2 |    61 ||    63
       Rod               |       |       |       |       |       |       |       |     2 |     1 ||     3
       Sack of spiders   |       |       |       |       |       |       |       |     2 |     5 ||     7
       Lamp of fire      |       |       |       |       |       |       |       |     1 |     5 ||     6
  Use: Scroll            |       |     9 |       |    10 |    13 |    16 |    19 |    16 |    27 ||   110
       Potion            |       |       |       |     1 |     1 |     3 |    10 |     3 |    14 ||    32
 Stab: Confused          |       |       |     1 |     8 |     4 |       |       |       |       ||    13
       Sleeping          |       |       |       |     4 |     7 |     4 |     1 |       |       ||    16
       Distracted        |       |       |       |       |     3 |     2 |       |     1 |     1 ||     7
       Petrified         |       |       |       |       |     1 |       |       |       |       ||     1
  Eat: Chunk             |     3 |     5 |     6 |    28 |    67 |    64 |    54 |    79 |   107 ||   413
       Bread ration      |     1 |       |       |       |       |     5 |       |     3 |    13 ||    22
       Royal jelly       |       |       |     2 |       |       |       |       |       |     1 ||     3
       Meat ration       |       |       |     1 |     1 |     1 |     2 |     3 |       |     7 ||    15
       Beef jerky        |       |       |     1 |       |     1 |     2 |     2 |     1 |     7 ||    14
       Fruit             |       |       |       |       |     4 |     1 |     1 |     1 |     2 ||     9
       Pizza             |       |       |       |       |     1 |     2 |       |       |     5 ||     8
